Map: Eastwatch LE

Players

Classic - Winner!

  • Race: Protoss Protoss
  • Spawn Location: 1:00

Dear

  • Race: Protoss Protoss
  • Spawn Location: 7:00

Event: IEM Season 12 - Katowice

VOD

Have the link to the VOD?

Description

Time

  • Played on: March 3, 2018, 1:18 p.m.
  • Length: 10:28

All games in this series

Show
View Real Time Build Order
Export as new Build Order

Classic Protoss - Winner!

Build Orders: Blink Stalkers 

Get SALT Encoding   

  12  0:00  Probe  
  13  0:12  Probe  
  14  0:17  Pylon  
  14  0:24  Probe (Chrono Boost)  
  15  0:36  Probe (Chrono Boost)  
  15  0:39  Gateway  
  16  0:45  Probe (Chrono Boost)  
  16  0:46  Assimilator  
  17  0:50  Probe (Chrono Boost)  
  17  0:54  Assimilator  
  18  1:03  Probe (Chrono Boost)  
  19  1:10  Probe (Chrono Boost)  
  20  1:14  Gateway  
  20  1:17  Probe  
  21  1:25  Cybernetics Core  
  21  1:29  Probe  
  22  1:36  Pylon  
  22  1:41  Probe  
  23  1:54  Probe  
  24  2:03  Stalker  
  24  2:04  Sentry  
  24  2:05  Warp Gate  
  28  2:13  Pylon  
  28  2:35  Pylon  
  28  2:39  Nexus  
  27  2:45  Probe  
  27  2:47  Sentry  
  30  2:56  Twilight Council  
  30  2:57  Probe  
  31  3:02  Stalker  
  33  3:06  Shield Battery  
  33  3:10  Probe  
  34  3:17  Stalker  
  36  3:22  Probe  
  37  3:33  Gateway  
  37  3:45  Shield Battery  
  34  3:51  Probe (Chrono Boost)  
  35  3:55  Probe (Chrono Boost)  
  35  3:57  Blink  
  36  4:03  Probe (Chrono Boost)  
  36  4:05  Probe (Chrono Boost)  
  36  4:08  Probe (Chrono Boost)  
  38  4:10  Probe (Chrono Boost), Stalker x2  
  43  4:17  Probe (Chrono Boost)  
  43  4:22  Probe (Chrono Boost)  
  45  4:27  Probe (Chrono Boost)  
  45  4:28  Probe (Chrono Boost)  
  47  4:32  Probe (Chrono Boost)  
  47  4:35  Pylon  
  47  4:36  Probe  
  49  4:42  Stalker x2  
  53  4:49  Stalker x2  
  53  4:51  Probe  
  53  4:52  Probe  
  52  5:04  Probe x2  
  54  5:10  Stalker x2  
  57  5:16  Probe x2  
  57  5:18  Pylon  
  58  5:28  Probe x2 (Chrono Boost)  
  60  5:31  Assimilator  
  60  5:38  Probe x2 (Chrono Boost)  
  60  5:39  Phoenix  
  60  5:40  Nexus  
  60  5:42  Pylon  
  62  5:43  Probe (Chrono Boost)  
  62  5:44  Probe (Chrono Boost)  
  64  5:54  Gateway x2  
  64  6:04  Probe x2  
  66  6:09  Gateway  
  66  6:10  Gateway  
  66  6:18  Gateway  
  66  6:19  Gateway  
  66  6:20  Charge (Chrono Boost)  
  66  6:24  Probe x2  
  68  6:35  Stalker x2  
  67  6:48  Probe x2  
  68  6:55  Probe  
  68  7:00  Templar Archives  
  69  7:02  Probe x2  
  69  7:07  Probe  
  72  7:15  Zealot  
  72  7:16  Zealot x7  
  72  7:19  Pylon  
  88  7:28  Probe x3  
  91  7:31  Pylon  
  91  7:32  Pylon  
  91  7:38  Pylon, High Templar x4  
  99  7:44  High Templar  
  99  7:48  Pylon  
  99  7:49  Pylon  
  99  7:51  High Templar  
  103  7:53  Zealot  
  103  7:54  Zealot  
  103  7:55  Probe x2  
  103  7:56  Probe  
  110  8:00  Pylon  
  110  8:01  Gateway  
  110  8:09  Robotics Facility  
  110  8:14  Zealot x4  
  118  8:23  Pylon, High Templar  
  118  8:24  High Templar  
  118  8:25  Zealot x2  
  126  8:30  Archon  
  126  8:31  Archon x2  
  126  8:33  Archon  
  126  8:37  Pylon  
  126  8:40  Zealot x4  
  134  8:49  Pylon  
  134  8:52  Pylon  
  134  8:56  Warp Prism (Chrono Boost)  
  134  8:57  Zealot x5  
  144  9:03  High Templar x2  
  144  9:04  Zealot x2  
  144  9:08  Archon  
  152  9:19  Zealot x5  
  152  9:21  Pylon  
  152  9:23  Zealot  
  164  9:28  Zealot x2  
  166  9:32  Pylon  
  166  9:33  Zealot x2  
  166  9:38  Zealot x2  
  148  9:43  Zealot x2  
  110  9:47  Zealot x2  
  102  10:05  Observer  
  103  10:08  Zealot x6, High Templar x2  
  103  10:09  Zealot  
  103  10:12  Archon  
  121  10:15  Pylon  
Show
View Real Time Build Order
Export as new Build Order

Dear Protoss 

Build Orders: Phoenix Opening, Zealot Archon 

Get SALT Encoding   

  12  0:00  Probe  
  13  0:12  Probe  
  14  0:17  Pylon  
  14  0:24  Probe (Chrono Boost)  
  15  0:36  Probe (Chrono Boost)  
  15  0:38  Gateway  
  16  0:44  Probe (Chrono Boost)  
  16  0:46  Assimilator  
  17  0:51  Probe  
  17  0:55  Assimilator  
  18  1:03  Probe (Chrono Boost)  
  19  1:08  Gateway  
  19  1:14  Probe (Chrono Boost)  
  20  1:19  Probe (Chrono Boost)  
  20  1:25  Cybernetics Core  
  21  1:29  Probe  
  22  1:34  Pylon  
  22  1:41  Probe  
  23  1:53  Probe  
  24  2:01  Stalker x2  
  24  2:03  Warp Gate  
  28  2:13  Pylon  
  28  2:25  Stargate  
  28  2:31  Adept  
  28  2:32  Adept  
  32  2:58  Nexus  
  32  3:02  Probe  
  32  3:11  Phoenix (Chrono Boost)  
  34  3:14  Probe  
  35  3:27  Probe  
  36  3:28  Phoenix (Chrono Boost)  
  38  3:35  Pylon  
  38  3:39  Probe  
  39  3:52  Probe  
  39  3:53  Phoenix (Chrono Boost)  
  38  4:02  Robotics Facility  
  38  4:04  Probe  
  39  4:12  Phoenix (Chrono Boost)  
  39  4:16  Probe (Chrono Boost)  
  42  4:17  Probe (Chrono Boost)  
  43  4:26  Probe (Chrono Boost), Sentry  
  43  4:27  Probe (Chrono Boost)  
  47  4:31  Probe x2 (Chrono Boost)  
  49  4:38  Sentry  
  49  4:41  Assimilator  
  49  4:42  Probe  
  49  4:43  Probe  
  53  4:46  Assimilator  
  51  4:55  Probe x2  
  57  5:00  Immortal  
  57  5:02  Pylon  
  57  5:07  Probe x2  
  58  5:13  Forge  
  59  5:19  Probe  
  59  5:20  Probe  
  61  5:27  Twilight Council  
  61  5:31  Probe  
  61  5:32  Probe  
  63  5:38  Pylon  
  63  5:39  Immortal  
  67  5:44  Twilight Council  
  67  5:45  Protoss Ground Weapons Level 1 (Chrono Boost)  
  67  6:05  Gateway x2  
  67  6:07  Charge, Gateway  
  67  6:09  Templar Archives  
  67  6:13  Gateway  
  67  6:17  Pylon  
  68  6:18  Observer  
  67  6:27  Gateway  
  67  6:28  Gateway  
  64  6:53  Pylon  
  62  6:58  Probe  
  62  6:59  Probe  
  64  7:05  Warp Prism  
  66  7:11  Probe  
  66  7:15  Nexus  
  67  7:16  High Templar x3  
  67  7:20  Pylon, High Templar  
  67  7:22  Protoss Ground Weapons Level 2 (Chrono Boost)  
  75  7:23  Archon  
  75  7:24  Archon  
  74  7:30  Pylon  
  73  7:45  Zealot x4  
  73  7:48  Pylon x2  
  81  7:54  Zealot, Nexus, High Templar x2  
  81  7:55  Pylon  
  87  7:58  Probe  
  87  8:02  Zealot, Archon  
  90  8:18  Zealot x5  
  100  8:25  Pylon  
  100  8:33  Zealot, High Templar x2  
  106  8:39  Archon  
  106  8:40  Zealot x3  
  106  8:41  Zealot  
  114  8:43  Zealot  
  116  8:48  Pylon  
  116  9:04  High Templar  
  116  9:05  Zealot x3, High Templar  
  116  9:09  Archon  
  126  9:11  Zealot  
  128  9:34  Zealot x6  
  124  9:41  Zealot x2  
  80  9:45  Warp Prism (Chrono Boost)  
  64  9:55  High Templar x4  
  64  9:56  Zealot x4  
  72  10:03  Archon x2  
  68  10:16  Zealot x4  

Tags
 
Add a new tag
Caveats
  • Supply blocks, unpowered buildings, or Contaminate may cause inaccurate times.
  • Supply counts are checked every 10 seconds.